 Dungeon Crawl Stone Soup version 0.30-a0-672-gc3a7216ad8 (webtiles) character file.

Game seed: 13262949231380106498

56 wormed the Changer (level 3, -6/23 HPs)
             Began as an Octopode Transmuter on Jan 19, 2023.
             Mangled by a gnoll
             ... wielding a +0 halberd
              (11 damage)
             ... on level 2 of the Dungeon.
             The game lasted 00:01:16 (1094 turns).

wormed the Changer (Octopode Transmuter)            Turns: 1094, Time: 00:01:17

Health: -6/23      AC:  1    Str:  9    XL:     3   Next: 97%
Magic:  3/6        EV: 13    Int: 17    God:
Gold:   25         SH:  0    Dex: 12    Spells: 4/7 levels left

rFire   . . .      SeeInvis .      - Unarmed
rCold   . . .      Faith    .    (no shield)
rNeg    . . .      Spirit   .    (helmet currently unavailable)
rPois   .          Reflect  .    (no amulet)
rElec   .          Harm     .    (no ring)
rCorr   .          Rampage  .    (no ring)
Will    .....                    (no ring)
Stlth   ++                       (no ring)
HPRegen 0.23/turn                (no ring)
MPRegen 0.10/turn                (no ring)
                                 (no ring)
                                 (no ring)

@: brilliant, appendages (expiring), wereblooded
A: tentacle spike 3, almost no armour, amphibious, 8 rings, camouflage 1,
gelatinous body 1, (nimble swimmer 1), tentacles
a: End Transformation


You were on level 2 of the Dungeon.
One of your tentacles had grown a beastly spike.
You visited 1 branch of the dungeon, and saw 2 of its levels.

You collected 25 gold pieces.

Inventory:

Jewellery
 a - a +6 ring of intelligence
Scrolls
 c - a scroll of identify {unknown}
 d - a scroll of blinking {unknown}


   Skills:
 - Level 1.0 Fighting
 - Level 2.0 Dodging
 - Level 3.0 Unarmed Combat
 + Level 2.5 Spellcasting
 * Level 3.2 Transmutations
 + Level 1.5 Ice Magic


You had 4 spell levels left.
You knew the following spells:

 Your Spells              Type           Power      Damage    Failure   Level
a - Beastly Appendage     Tmut           38%        N/A       4%          1
b - Wereblood             Tmut           19%        N/A       8%          2

Your spell library contained the following spells:

 Spells                   Type           Power      Damage    Failure   Level
 Spider Form              Tmut/Pois      11%        N/A       28%         3
 Ice Form                 Ice/Tmut       15%        N/A       56%         4


Dungeon Overview and Level Annotations

Branches:
Dungeon (2/15)

Altars:

Shops:
D:1 :


Innate Abilities, Weirdness & Mutations

One of your tentacles has grown a beastly spike.
You cannot wear most types of armour.
You are amphibious.
You can wear up to eight rings at the same time.
Your skin changes colour to match your surroundings (Stealth+).
Your rubbery body absorbs attacks. (AC +1, EV +1)
((You are camouflaged when in or above water. (Stealth+)))
You have tentacles for arms and can constrict up to eight enemies at once.


Message History

No target in view!
Your tentacle spike disappears.
Your primal bloodlust is almost over.
Your primal bloodlust has ended.
d - a scroll labelled LETIENOIPS
There is a stone staircase leading up here.
Found an escape hatch in the ceiling.
A gnoll is nearby!
A gnoll is nearby!
A gnoll is nearby!
Casting: Wereblood (safe; 8% risk of failure)
Confirm with . or Enter, or press ? or * to list all spells.
One of your tentacles grows a vicious spike.
The gnoll shouts!
Casting: Beastly Appendage (safe; 4% risk of failure)
Confirm with . or Enter, or press ? or * to list all spells.
Your blood is infused with primal strength.
The gnoll shouts!
Your transformation is almost over.
You hear a shout!
The gnoll shouts!
The gnoll hits you from afar with a +0 spear.
You tentacle-slap the gnoll. Your grab misses the gnoll.
The gnoll is lightly wounded.
The gnoll hits you from afar with a +0 spear.
The gnoll closely misses you.
You tentacle-slap the gnoll. You grab the gnoll.
You pierce the gnoll.
The gnoll is severely wounded.
You constrict the gnoll. The gnoll misses you.
The gnoll hits you from afar with a +0 spear.
The gnoll hits you with a +0 flail!
You are too injured to fight recklessly!
You are too injured to fight recklessly!
You release your grip on the gnoll.
The gnoll attacks as you move away! The gnoll hits you with a +0 flail.
* * * LOW HITPOINT WARNING * * *
It was a potion of brilliance.
You feel clever all of a sudden.
The gnoll hits you from afar with a +0 halberd!
You die...

....^....
.........
.........
####.........
#<†gg.....$..
#$...##.>......g##
..#### #######.g<#
# #g# #@# #.# #.#
#.## #..# ##.###
...####...########
........<........#
#########.####...#


You could see 3 gnolls.

Vanquished Creatures
  An adder (D:2)
  A gnoll (D:1)
  2 dart slugs
  An orc (D:2)
  8 bats
  An endoplasm (D:1)
  A giant cockroach (D:2)
  A goblin (D:2)
  3 kobolds (D:1)
  4 quokkas (D:1)
  4 ball pythons
  2 frilled lizards
  4 rats
33 creatures vanquished.

Notes
Turn   | Place    | Note
-------+----------+-------------------------------------------
     0 | D:1      | wormed the Octopode Transmuter began the quest for the Orb.
     0 | D:1      | Reached XP level 1. HP: 13/13 MP: 3/3
   101 | D:1      | Reached XP level 2. HP: 18/18 MP: 3/5
   396 | D:1      | Reached skill level 1 in Ice Magic
   469 | D:1      | Reached XP level 3. HP: 8/23 MP: 4/6
   648 | D:1      | Found Moovus's Book Shoppe.
   852 | D:2      | Learned a level 2 spell: Wereblood
  1094 | D:2      | Mangled by a gnoll

Illustrated notes

Levels and vault maps discovered:
D:1:      pf_arrival_petrified_forest, layout_loops_cross, serial_shops,
          nicolae_shop_trees, lemuel_flame_loot_1
D:2:      layout_rooms, basic_altar, serial_shops, shop

Skill      XL: |  1  2  3 |
---------------+----------+-----
Ice Magic      | 1 |  1.5
Transmutations | 3 |  3.2
Fighting       | |  1.0
Dodging        | |  2.0
Unarmed Combat | |  3.0
Spellcasting   | |  2.5

Action                   || total
-------------------------++-------
Melee: Unarmed           ||    64
       Tentacles         ||    13
       Constrict         ||    18
       Kick              ||    16
       Punch             ||     4
 Cast: Beastly Appendage ||    19
       Wereblood         ||     6
  Use: Potion            ||     2
 Stab: Sleeping          ||     3
Armor: Skin              ||    16
Dodge: Dodged            ||    48

Table legend: (Time is in decaauts)
 A = Elapsed time spent in this place.
 B = Non-inter-level travel time spent in this place.
 C = Inter-level travel time spent in this place.
 D = Time resting spent in this place.
 E = Time spent auto-exploring this place.
 F = Levels seen in this place.
 G = Mean time per level.
                   A        B        C        D        E       F      G
               +--------+--------+--------+--------+--------+-----+--------+
         Total |   1090 |   1045 |     45 |      0 |    842 |   2 |  545.0 |
       Dungeon |   1090 |   1045 |     45 |      0 |    842 |   2 |  545.0 |
               +--------+--------+--------+--------+--------+-----+--------+

Top non-repeatable levels by time:
     D:1: 877 daAuts
     D:2: 213 daAuts
